 Dungeon Crawl Stone Soup version 0.28-a0-577-gb193047a1f (webtiles) character file.

Game seed: 11925084239362599833

41651 jasper the Arsonist (level 13, -2/103 HPs)
             Began as a Demonspawn Venom Mage on Oct 1, 2021.
             Was a Priest of Ashenzari.
             Slain by Rupert (5 damage)
             ... on level 2 of the Orcish Mines.
             The game lasted 00:37:07 (22098 turns).

jasper the Arsonist (Demonspawn Venom Mage)        Turns: 22098, Time: 00:37:08

Health: -2/103     AC: 16    Str: 10    XL:     13   Next: 81%
Magic:  12/29      EV: 15    Int: 33    God:    Ashenzari [***...]
Gold:   1443       SH: 17    Dex: 13    Spells: 0/36 levels left

rFire   + . .      SeeInvis +   q - staff of fire (curse) {Self, Elem}
rCold   + + .      Faith    .   T - +3 buckler {rC+}
rNeg    . . .      Spirit   .   x - +2 robe "Atheism of Ashenzari" {rC+, Elem, Evo} (curse)
rPois   .          Reflect  +   I - +1 helmet "I Knew You'd Do That" {Regen+, Fort, Elem} (curse)
rElec   .          Harm     .   (no cloak)
rCorr   .          Rampage  .   (no gloves)
Will    .....      Clarity  +   (no boots)
Stlth   ++........              U - amulet of reflection
HPRegen 1.27/turn               h - ring "Visionary of Ashenzari" {Int+6, Evo, Elem} (curse)
MPRegen 0.21/turn               A - ring of the Shattered Omen {Int+6, Elem, Alch} (curse)

@: no status effects
A: talons 1, thin metallic scales 1, demonic guardian 1, icemail 2, condensation
shield
a: Renounce Religion, Curse Item, Shatter the Chains


You were on level 2 of the Orcish Mines.
You worshipped Ashenzari.
Ashenzari was most pleased with you.
You visited 4 branches of the dungeon, and saw 20 of its levels.
You also visited: Ice Cave.

You collected 1443 gold pieces.

Inventory:

Missiles
 u - 4 curare-tipped darts
 B - a throwing net
Armour
 l - +0 steam dragon scales
 x - the cursed +2 robe "Atheism of Ashenzari" (worn) {rC+, Elem, Evo}
   (You took it off an orc wizard on level 6 of the Dungeon)

   It has a curse which improves the following skills: Elements: Fire Magic, Ice
   Magic, Air Magic and Earth Magic.
   Evocations: Evocations.
 I - the cursed +1 helmet "I Knew You'd Do That" (worn) {Regen+, Fort, Elem}
   (You found it on level 9 of the Dungeon)

   Regen:     It increases your rate of health regeneration.
   It has a curse which improves the following skills: Fortitude: Armour and
   Shields.
   Elements:  Fire Magic, Ice Magic, Air Magic and Earth Magic.
 T - a +3 buckler of cold resistance (worn)
Magical Staves
 q - a cursed staff of fire (weapon) {Self, Elem}
Jewellery
 c - a ring of ice
 h - the cursed ring "Visionary of Ashenzari" (left hand) {Int+6, Evo, Elem}
   (You found it on level 2 of the Dungeon)

   [ring of intelligence]

   Int:       It affects your intelligence (+6).
   It has a curse which improves the following skills: Evocations: Evocations.
   Elements:  Fire Magic, Ice Magic, Air Magic and Earth Magic.
 A - the cursed ring of the Shattered Omen (right hand) {Int+6, Elem, Alch}
   (You found it on level 6 of the Dungeon)

   [ring of intelligence]

   Int:       It affects your intelligence (+6).
   It has a curse which improves the following skills: Elements: Fire Magic, Ice
   Magic, Air Magic and Earth Magic.
   Alchemy:   Poison Magic and Transmutations.
 U - an amulet of reflection (around neck)
 V - a +4 ring of evasion
 W - a ring of positive energy
 X - the ring of Ilureif {Fly Dex+2 SInv}
   (You found it in an ice cave)

   [ring of flight]

   Dex:       It affects your dexterity (+2).
   SInv:      It lets you see invisible.
   Fly:       It grants you flight.
 Y - a ring of resist corrosion
 Z - a ring of fire
Wands
 b - a wand of charming (12)
 v - a wand of paralysis (24)
 w - a wand of acid (27)
 y - a wand of polymorph (19)
 K - a wand of iceblast (24)
 O - a wand of mindburst (30)
 R - a wand of flame (37)
 S - a wand of digging (6)
Scrolls
 a - a scroll of brand weapon
 o - 7 scrolls of teleportation
 p - 2 scrolls of immolation
 r - a scroll of summoning
 z - 5 scrolls of amnesia
 C - 5 scrolls of enchant weapon
 H - 3 scrolls of fear
 J - a scroll of silence
 L - 2 scrolls of fog
 N - a scroll of blinking
 Q - a scroll of magic mapping
Potions
 d - 4 potions of brilliance
 i - 8 potions of haste
 j - a potion of cancellation
 k - a potion of lignification
 m - 2 potions of might
 n - 6 potions of flight
 D - a potion of berserk rage
 G - 2 potions of curing
 M - 8 potions of ambrosia
 P - 5 potions of heal wounds


   Skills:
 - Level 8.2(10.1) Fighting
 - Level 7.8 Dodging
 - Level 1.7 Stealth
 - Level 2.5(4.1) Shields
 - Level 10.4(12.3) Spellcasting
 - Level 6.5 Conjurations
 - Level 2.0 Necromancy
 - Level 0.8(1.8) Transmutations
 + Level 13.2(18.8) Fire Magic
 - Level 0.6(2.9) Air Magic
 - Level 6.0(7.9) Poison Magic
 - Level 7.0(10.0) Evocations


You couldn't memorise any spells.
You knew the following spells:

 Your Spells              Type           Power      Damage    Failure   Level
a - Sting                 Tmut/Pois      100%       1d8       1%          1
b - Mephitic Cloud        Conj/Pois/Air  55%        N/A       1%          3
c - Olgreb's Toxic Radia  Pois           64%        N/A       1%          4
d - Animate Skeleton      Necr           68%        N/A       1%          1
e - Flame Wave            Conj/Fire      100%       3d16      1%          4
f - Conjure Flame         Conj/Fire      100%       6-21      1%          3
g - Inner Flame           Hex/Fire       89%        N/A       1%          3
h - Passwall              Tmut/Erth      24%        N/A       1%          2
i - Swiftness             Air            40%        N/A       1%          3
j - Apportation           Tloc           40%        N/A       2%          1
k - Ignition              Fire           60%        3d16      6%          8
l - Stone Arrow           Conj/Erth      88%        3d12      1%          3

Your spell library contained the following spells:

 Spells                   Type           Power      Damage    Failure   Level
 Foxfire                  Conj/Fire      100%       2x1d9     0%          1
 Pain                     Necr           100%       1d9       1%          1
 Shock                    Conj/Air       100%       1d9       1%          1
 Poisonous Vapours        Pois/Air       100%       N/A       1%          2
 Ensorcelled Hibernation  Hex/Ice        46%        N/A       2%          2
 Vampiric Draining        Necr           17%        2d8       2%          3
 Slow                     Hex            20%        N/A       3%          2
 Confusing Touch          Hex            20%        N/A       7%          3
 Tukima's Dance           Hex            20%        N/A       7%          3
 Airstrike                Air            20%        N/A       7%          4
 Alistair's Intoxication  Tmut/Pois      34%        N/A       9%          5
 Petrify                  Tmut/Erth      29%        N/A       13%         4
 Yara's Violent Unravell  Hex/Tmut       13%        3d7       38%         5
 Invisibility             Hex            10%        N/A       98%         6


Dungeon Overview and Level Annotations

Branches:
Dungeon (12/15)            Temple (0/1) D:6            Lair (5/6) D:10
  Swamp (0/4) Lair:2        Snake (1/4) Lair:2        Slime (0/5) Lair:5
    Orc (2/2) D:11          IceCv (visited)
    Elf: Orc:2

Altars:
Ashenzari
Hepliaklqana
Beogh

Annotations:
D:3 Grinder
D:8 2 transporters, CowFu's ghost, novice HOFi
Lair:1 2 transporters, gregwegmann's ghost, journeyman DrIE
Lair:2 3 runed translucent doors, Zenkrye's ghost, journeyman TeCj
Orc:2 Rupert


Innate Abilities, Weirdness & Mutations

You have sharp toenails.
You are partially covered in thin metallic scales. (AC +2)
A weak demonic guardian rushes to your aid.
A meltable icy envelope protects you from harm. (AC +8)
A meltable shield of frost defends you. (SH +4)


Message History

Confirm with . or Enter, or press ? or * to list all spells.
Aiming: Mephitic Cloud (safe; 1% risk of failure)
Press: ? - help, Shift-Dir - straight line The ball explodes into a vile cloud!
The stinking cloud engulfs Rupert but does no damage.
Rupert is moderately wounded.
The stinking cloud engulfs you but does no damage.
Your demonic guardian avoids your attack.
The orc warrior shouts!
You are engulfed in noxious fumes.
Rupert seems less confused.
Rupert is engulfed in noxious fumes.
Rupert hits you with a +4 battleaxe of freezing!!
Rupert freezes you. Rupert completely misses your quasit.
Your quasit bites Rupert.
Your quasit closely misses Rupert.
Your quasit barely misses Rupert.
Rupert is engulfed in noxious fumes.
You block Rupert's attack.
Rupert hits your quasit with a +4 battleaxe of freezing!
Rupert freezes your quasit.
Your quasit dies!
Your quasit disappears in a puff of smoke!
You take 33 damage, and have 41/103 hp.
MASSIVE DAMAGE!!
You now have 15/29 mp.
Rupert is engulfed in noxious fumes.
There is a stone staircase leading up here.
Rupert misses you.
You hear a shout!
You regained 2 hp, and now have 44/103 hp.
Casting: Mephitic Cloud (safe; 1% risk of failure)
Confirm with . or Enter, or press ? or * to list all spells.
Aiming: Mephitic Cloud (safe; 1% risk of failure)
Press: ? - help, Shift-Dir - straight line, f - Rupert
Aim: Rupert, wielding a +4 battleaxe of freezing and wearing a +0 scale mail (moderately wounded, berserk, very poisoned, chance to affect: 24%)
The ball explodes into a vile cloud!
The stinking cloud engulfs Rupert but does no damage.
Rupert is moderately wounded.
The stinking cloud engulfs you but does no damage.
You are engulfed in noxious fumes.
Rupert is engulfed in noxious fumes.
Rupert hits you with a +4 battleaxe of freezing!!!
* * * LOW HITPOINT WARNING * * *
Rupert freezes you.
You die...

**.## #####...#
, ##*##......# ,
##.##...##.#
#...☼○$.).## *
##.#○......#** ,
###○§.#.{.#
#...@###.....
#.....#@#{.....,
*, , #......###
,...$ ###...{{*
* .... ###...,,
..^ ...o, , ,
##.... ** , ,,
### , , ,,, , ,
*, ,


You could see Rupert (berserk, very poisoned).

Vanquished Creatures
  Nessos (Lair:5)
  A white draconian (IceCv)
  Fannar (Orc:1)
  4 hydras
  An ogre mage (D:12)
  A catoblepas (Lair:1)
  8 two-headed ogres
  A wolf spider zombie (D:10)
  An orc sorcerer (Orc:1)
  A cyclops (D:11)
  4 elephants (Lair:4)
  6 centaur zombies (D:10)
  A black mamba (Lair:1)
  An eye of devastation (Lair:5)
  2 ice statues (IceCv)
  9 cane toads
  An unseen horror (D:9)
  Maggie (D:7)
  10 rime drakes
  2 komodo dragons
  2 trolls (D:10)
  2 hellwings (D:10)
  A queen bee (D:11)
  15 blink frogs
  A meliai zombie (D:10)
  A shadow (D:11)
  Sigmund (D:5)
  A wraith (D:8)
  35 yaks
  3 basilisks
  2 steam dragons
  A swamp worm (Lair:2)
  13 water moccasins
  A floating eye (Lair:5)
  An ice beast (D:6)
  3 black bears
  A hornet zombie (D:10)
  11 orc warriors
  6 ogres
  2 necrophages (D:4)
  2 wolves (D:10)
  9 centaurs
  A kobold brigand (D:6)
  9 bullfrogs
  2 gnoll sergeants
  A wyvern zombie (D:6)
  A water moccasin zombie (D:5)
  4 scorpions
  26 killer bees
  5 lindwurm simulacra (IceCv)
  16 wights
  2 electric eels
  A howler monkey (D:4)
  5 komodo dragon simulacra (IceCv)
  6 hounds
  2 gnoll shamans
  9 orc priests
  2 centaur skeletons
  12 orc wizards
  9 adders
  20 gnolls
  4 acid dragon simulacra (IceCv)
  4 shadow imps (D:10)
  A white imp (D:6)
  7 steam dragon simulacra (IceCv)
  An adder skeleton (D:4)
  A worm (D:3)
  A dart slug (D:3)
  56 orcs
  10 ball pythons
  5 bats
  7 endoplasms
  A giant cockroach (D:4)
  10 goblins
  12 hobgoblins
  6 quokkas
  4 frilled lizards
  7 kobolds
  8 rats
  A spectral goblin (D:10)
450 creatures vanquished.

Vanquished Creatures (collateral kills)
  A centaur (D:8)
  A killer bee (D:8)
  A hound zombie (D:5)
3 creatures vanquished.

Vanquished Creatures (others)
  15 fungi
  13 plants
  2 withered plants (D:10)
30 creatures vanquished.

Grand Total: 483 creatures vanquished

Notes
Turn   | Place    | Note
-------+----------+-------------------------------------------
     0 | D:1      | jasper the Demonspawn Venom Mage began the quest for the
                  | Orb.
     0 | D:1      | Reached XP level 1. HP: 13/13 MP: 3/3
   386 | D:1      | Gained mutation: A meltable shield of frost defends you.
                  | (SH +4) [demonic ancestry]
   386 | D:1      | Reached XP level 2. HP: 19/19 MP: 1/5
  1328 | D:2      | Gained mutation: You are partially covered in thin metallic
                  | scales. (AC +2) [demonic ancestry]
  1328 | D:2      | Reached XP level 3. HP: 23/24 MP: 2/6
  1340 | D:2      | Learned a level 3 spell: Mephitic Cloud
  1384 | D:2      | Found a faded altar of an unknown god.
  1808 | D:2      | Found a broken altar of Ashenzari.
  1828 | D:2      | Became a worshipper of Ashenzari the Shackled
  2642 | D:3      | Reached skill level 5 in Poison Magic
  2642 | D:3      | Gained mutation: A meltable icy envelope protects you from
                  | harm. (AC +8) [demonic ancestry]
  2642 | D:3      | Reached XP level 4. HP: 30/30 MP: 2/7
  3786 | D:3      | Noticed Grinder
  3813 | D:4      | Noticed a necrophage
  3911 | D:3      | Reached XP level 5. HP: 35/35 MP: 0/8
  3916 | D:3      | Learned a level 4 spell: Olgreb's Toxic Radiance
  4693 | D:4      | Noticed an ogre
  4709 | D:4      | Killed an ogre
  4715 | D:4      | Learned a level 1 spell: Animate Skeleton
  4763 | D:4      | Killed a necrophage
  4764 | D:4      | Reached skill level 1 in Necromancy
  4764 | D:4      | Reached XP level 6. HP: 41/41 MP: 7/11
  4852 | D:4      | Reached skill level 1 in Conjurations
  5099 | D:4      | Reached * piety under Ashenzari
  5132 | D:4      | Gained mutation: A weak demonic guardian rushes to your
                  | aid. [demonic ancestry]
  5132 | D:4      | Reached XP level 7. HP: 39/46 MP: 6/14
  5137 | D:4      | Learned a level 4 spell: Flame Wave
  5141 | D:4      | Learned a level 3 spell: Conjure Flame
  5540 | D:5      | Entered Level 5 of the Dungeon
  5586 | D:5      | Reached skill level 1 in Fire Magic
  5880 | D:5      | Reached skill level 2 in Fire Magic
  6375 | D:5      | Noticed Sigmund
  6403 | D:5      | Killed Sigmund
  6404 | D:5      | Reached skill level 3 in Fire Magic
  6404 | D:5      | Reached XP level 8. HP: 48/52 MP: 6/16
  6674 | D:5      | Reached skill level 5 in Spellcasting
  6675 | D:5      | Reached ** piety under Ashenzari
  6756 | D:6      | Reached skill level 4 in Fire Magic
  7170 | D:6      | Learned a level 3 spell: Inner Flame
  7221 | D:6      | Reached skill level 5 in Fire Magic
  7520 | D:6      | Found a staircase to the Ecumenical Temple.
  8074 | D:7      | Noticed Maggie
  8098 | D:7      | Gained mutation: A meltable icy envelope protects you from
                  | harm. (AC +8) [demonic ancestry]
  8098 | D:7      | Reached XP level 9. HP: 31/57 MP: 13/20
  8099 | D:7      | Killed Maggie
  8100 | D:7      | Reached skill level 5 in Conjurations
  8100 | D:7      | Reached skill level 6 in Fire Magic
  9521 | D:7      | Reached *** piety under Ashenzari
  9787 | D:8      | Learned a level 2 spell: Passwall
  9791 | D:8      | Learned a level 3 spell: Swiftness
  9799 | D:8      | Reached skill level 7 in Fire Magic
  9906 | D:8      | Identified the +1 leather armour of Dramatic Exits {rC-
                  | Regen+ Dex+5 SInv}
 10502 | D:8      | Noticed CowFu's ghost (novice HOFi)
 10503 | D:8      | Found a transporter.
 10584 | D:8      | Identified the +4 great mace "Transmigrator" {freeze,
                  | Contam MP+9 Str+6}
 10599 | D:8      | Found a transporter.
 10700 | D:9      | Reached XP level 10. HP: 51/63 MP: 17/23
 10759 | D:9      | Reached skill level 8 in Fire Magic
 11148 | D:9      | Identified the +1 helmet of Uskayaw's Castigation {Regen+}
 11340 | D:9      | Reached skill level 1 in Fighting
 12013 | D:10     | Entered Level 10 of the Dungeon
 12354 | D:10     | Noticed a two-headed ogre
 12359 | D:10     | Killed a two-headed ogre
 12360 | D:10     | Reached skill level 9 in Fire Magic
 12360 | D:10     | Reached XP level 11. HP: 64/80 MP: 12/24
 12865 | D:10     | Learned a level 1 spell: Apportation
 13028 | D:10     | Found a staircase to the Lair.
 13267 | D:10     | Found a hazy altar of Hepliaklqana.
 13592 | D:11     | Reached skill level 5 in Fighting
 13592 | D:11     | Reached skill level 5 in Dodging
 13645 | D:11     | Found a staircase to the Orcish Mines.
 14017 | D:11     | Noticed a two-headed ogre
 14033 | D:11     | Killed a two-headed ogre
 14309 | D:11     | Identified the +6 scale mail of Ejeizioja {Int+3 Dex+2}
 14454 | D:11     | Noticed a two-headed ogre
 14463 | D:11     | Killed a two-headed ogre
 14766 | D:12     | Noticed a two-headed ogre
 14772 | D:12     | Killed a two-headed ogre
 14820 | D:12     | Noticed an ogre mage
 14827 | D:12     | Noticed a two-headed ogre
 14827 | D:12     | Noticed a two-headed ogre
 14830 | D:12     | Noticed a two-headed ogre
 14831 | D:12     | Noticed a two-headed ogre
 14832 | D:12     | Killed a two-headed ogre
 14833 | D:12     | Reached skill level 10 in Fire Magic
 14833 | D:12     | Killed an ogre mage
 14834 | D:12     | Killed a two-headed ogre
 14835 | D:12     | Gained mutation: You have sharp toenails. [demonic
                  | ancestry]
 14835 | D:12     | Reached XP level 12. HP: 95/96 MP: 8/28
 14835 | D:12     | Killed a two-headed ogre
 14866 | D:11     | Killed a two-headed ogre
 15031 | Lair:1   | Entered Level 1 of the Lair of Beasts
 15178 | Lair:1   | Found a transporter.
 15180 | Lair:1   | Found a transporter.
 15180 | Lair:1   | Identified the ring "Vowehos" {rElec Int+6 Dex+3 Slay-2}
 15181 | Lair:1   | Noticed gregwegmann's ghost (journeyman DrIE)
 15908 | Lair:2   | Noticed a five-headed hydra
 15917 | Lair:2   | Killed a five-headed hydra
 15918 | Lair:2   | Noticed a seven-headed hydra
 15921 | Lair:2   | Noticed a catoblepas
 15925 | Lair:2   | Killed a seven-headed hydra
 15955 | Lair:1   | Killed a catoblepas
 15956 | Lair:1   | Reached skill level 10 in Spellcasting
 16405 | Lair:2   | Found a staircase to the Snake Pit.
 16463 | Lair:2   | Reached skill level 11 in Fire Magic
 16637 | Lair:2   | Found a runed translucent gate.
 16637 | Lair:2   | Found a runed translucent gate.
 16637 | Lair:2   | Found a runed translucent gate.
 16642 | Lair:2   | Noticed Zenkrye's ghost (journeyman TeCj)
 17024 | Lair:2   | Found a staircase to the Swamp.
 17272 | Snake:1  | Entered Level 1 of the Snake Pit
 17304 | Lair:3   | Reached skill level 1 in Evocations
 17362 | Lair:3   | Identified the Papyrus of Ashen Heat
 17380 | Lair:3   | Learned a level 8 spell: Ignition
 17384 | Lair:3   | Learned a level 3 spell: Stone Arrow
 17406 | Lair:3   | Noticed a five-headed hydra
 17412 | Lair:3   | Killed a five-headed hydra
 17707 | Lair:3   | Reached XP level 13. HP: 86/106 MP: 18/30
 18643 | Lair:4   | Found a frozen archway.
 18689 | IceCv    | Entered an ice cave
 19029 | IceCv    | Noticed a white draconian
 19032 | IceCv    | Identified the ring of Ilureif {Fly Dex+2 SInv}
 19035 | IceCv    | Reached skill level 5 in Evocations
 19039 | IceCv    | Killed a white draconian
 19144 | IceCv    | Reached skill level 12 in Fire Magic
 19351 | IceCv    | Reached **** piety under Ashenzari
 20783 | Lair:5   | Found a staircase to the Slime Pits.
 20787 | Lair:5   | Noticed Nessos
 20791 | Lair:5   | Killed Nessos
 21392 | Orc:1    | Entered Level 1 of the Orcish Mines
 21418 | Orc:1    | Noticed Fannar
 21530 | Orc:1    | Killed Fannar
 21531 | Orc:1    | Reached skill level 13 in Fire Magic
 21989 | Orc:2    | Entered Level 2 of the Orcish Mines
 22084 | Orc:2    | Noticed Rupert
 22098 | Orc:2    | HP: 3/103 [Rupert (40)]
 22098 | Orc:2    | Slain by Rupert

Illustrated notes

Levels and vault maps discovered:
D:1:      dpeg_arrival_rooms_c, layout_basic
D:2:      layout_rooms, hellmonk_ecumenical_altar_arch_garden, basic_altar,
          nrook_uturn
D:3:      minmay_evil_eye, layout_basic, minivault_25, st_stairs_10,
          guppyfry_early_orc_mine, uniq_crazy_yiuf_cottage, uniq_grinder
D:4:      layout_loops_ring
D:5:      layout_rooms, chequers_serial_rivers_marsh, st_stairs_4, uniq_sigmund
D:6:      layout_basic, minmay_temple_entry_antechambers
D:7:      layout_basic, uniq_maggie
D:8:      layout_rooms, gammafunk_ghost_smash
D:9:      layout_layer_cave, kennysheep_another_room
D:10:     cheibrodos_grave_circle, layout_basic,
          nicolae_hepliaklqana_monster_ancestors, erik_lair_island,
          grunt_ministairs_8
D:11:     layout_cave_pools, orc_0_dummy, minivault_7
D:12:     kennysheep_scales, layout_basic, serial_shops, shop,
          nicolae_shop_window_shopping, nicolae_shop_crystal, shop,
          nicolae_diamond_shop, enter_trove_0, minmay_misc_feat_plants,
          corner_web_ring, uniq_sonja
Lair:1:   layout_regular_city, gammafunk_ghost_hive, grunt_megastairs_1
Lair:2:   layout_chaotic_city, nicolae_swamp_entry_splash_gauntlet,
          guppyfry_snake_entry_garden, gammafunk_ghost_necromancy,
          beast_lair_carwin_3, serial_bayou_shore_b
Lair:3:   layout_loops_ring
Lair:4:   layout_hall_layers, portal_ice_cave_rime
Lair:5:   layout_hall_layers, minmay_slime_entry_eyes, minivault_27, uniq_nessos
Snake:1:  layout_onion, serial_shops, nicolae_shop_waterfront
Orc:1:    layout_caves, mines2_david, uniq_fannar
Orc:2:    st_orc_open, layout_diamond_mine, uniq_rupert, uniq_donald, uniq_urug

Skill      XL: |  1  2  3  4  5  6  7  8  9 10 11 12 13 |
---------------+----------------------------------------+-----
Poison Magic   | 4 5 6 |  6.0
Spellcasting   | 3 4 5 7 8 9 10 | 10.4
Necromancy     | 1 2 |  2.0
Conjurations   | 1 3 4 6 |  6.5
Fire Magic     | 3 5 7 9 10 11 13 | 13.2
Shields        | 2 |  2.5
Dodging        | 4 6 7 |  7.8
Fighting       | 4 6 8 |  8.2
Evocations     | 2 7 |  7.0
Stealth        | |  1.7
Transmutations | |  0.8
Air Magic      | |  0.6

Action                   |  1- 3 |  4- 6 |  7- 9 | 10-12 | 13-15 || total
-------------------------+-------+-------+-------+-------+-------++-------
Melee: Hand axe          |    15 |    31 |       |       |       ||    46
       Dagger            |     1 |       |       |       |       ||     1
       Staff             |       |     1 |    98 |    51 |    20 ||   170
       Kick              |       |       |       |     4 |     7 ||    11
Throw: Stone             |     6 |       |       |       |       ||     6
 Cast: Sting             |    91 |    80 |    24 |     1 |       ||   196
       Olgreb's Toxic Ra |       |     3 |    53 |    60 |    21 ||   137
       Flame Wave        |       |       |    13 |    61 |    35 ||   109
       Inner Flame       |       |       |     6 |       |     1 ||     7
       Conjure Flame     |       |       |     1 |       |       ||     1
       Mephitic Cloud    |       |       |       |     2 |     4 ||     6
       Animate Skeleton  |       |       |       |     2 |       ||     2
       Ignition          |       |       |       |       |    16 ||    16
       Stone Arrow       |       |       |       |       |     2 ||     2
Invok: Curse Item        |       |     2 |     3 |     2 |     1 ||     8
       Shatter the Chain |       |       |       |     2 |     1 ||     3
Evoke: Wand              |       |       |     3 |       |       ||     3
  Use: Scroll            |     1 |       |       |       |     1 ||     2
       Potion            |       |     2 |     2 |       |       ||     4
 Stab: Paralysed         |       |       |    10 |       |       ||    10
Armor: Robe              |     9 |    19 |    60 |   107 |    25 ||   220
Dodge: Dodged            |    18 |    29 |   113 |   113 |    33 ||   306
Block: Other             |    11 |    12 |    31 |     2 |       ||    56
       Buckler           |       |       |       |   105 |    40 ||   145
       Reflection        |       |       |       |       |     3 ||     3

Table legend: (Time is in decaauts)
 A = Elapsed time spent in this place.
 B = Non-inter-level travel time spent in this place.
 C = Inter-level travel time spent in this place.
 D = Time resting spent in this place.
 E = Time spent auto-exploring this place.
 F = Levels seen in this place.
 G = Mean time per level.
                   A        B        C        D        E       F      G
               +--------+--------+--------+--------+--------+-----+--------+
         Total |  22207 |  21366 |    841 |   4301 |  14178 |  21 | 1057.5 |
       Dungeon |  15379 |  14786 |    593 |   3722 |   9150 |  12 | 1281.6 |
          Lair |   5563 |   5336 |    227 |    237 |   4489 |   5 | 1112.6 |
     Snake Pit |      1 |      1 |      0 |      0 |      0 |   1 |    1.0 |
  Orcish Mines |    493 |    473 |     20 |     72 |    292 |   2 |  246.5 |
      Ice Cave |    769 |    769 |      0 |    270 |    247 |   1 |  769.0 |
               +--------+--------+--------+--------+--------+-----+--------+

Top non-repeatable levels by time:
     D:3: 2152 daAuts
     D:9: 1789 daAuts
     D:7: 1621 daAuts
    D:11: 1575 daAuts
     D:6: 1337 daAuts
  Lair:5: 1272 daAuts
  Lair:2: 1238 daAuts
     D:2: 1201 daAuts
     D:4: 1187 daAuts
     D:1: 1129 daAuts
     D:5: 1111 daAuts
  Lair:3: 1100 daAuts
    D:10: 1099 daAuts
     D:8: 1099 daAuts
  Lair:1: 1076 daAuts
